 Dungeon Crawl Stone Soup version 0.30-a0-1016-gfb0d676c02 (webtiles) character file.

Game seed: 14374055475117324225

111 DeathPants the Insei (level 4, -2/33 HPs)
             Began as a Demonspawn Transmuter on Apr 6, 2023.
             Slain by an orc
             ... wielding a +0 dagger
              (3 damage)
             ... on level 3 of the Dungeon.
             The game lasted 00:08:21 (1815 turns).

DeathPants the Insei (Demonspawn Transmuter)        Turns: 1815, Time: 00:08:21

Health: -2/33      AC: -3    Str: 13    XL:     4   Next: 62%
Magic:  7/7        EV: 12    Int: 14    God:
Gold:   97         SH:  0    Dex: 13    Spells: 5/8 levels left

rFire   . . .      SeeInvis .      - Unarmed
rCold   . . .      Faith    .    (no shield)
rNeg    . . .      Spirit   .    a - +0 robe
rPois   .          Reflect  .    (helmet currently unavailable)
rElec   .          Rampage  .    (no cloak)
rCorr   .                        l - +0 pair of gloves
Will    .....                    (boots currently unavailable)
Stlth   +                        (no amulet)
HPRegen 0.25/turn                (no ring)
MPRegen 0.10/turn                (no ring)

@: appendages (expiring), corroded
A: horns 2, talons 2, icy blue scales 1
a: End Transformation


You were on level 3 of the Dungeon.
You had temporarily grown beastly horns and talons.
You visited 1 branch of the dungeon, and saw 4 of its levels.

You collected 97 gold pieces.

Inventory:

Missiles
 d - 3 poisoned darts
Armour
 a - a +0 robe (worn)
 g - the +5 ring mail of Filth {Dex+3}
   (You found it on level 2 of the Dungeon)

   Dex:       It affects your dexterity (+3).
 l - a +0 pair of gloves (worn)
Scrolls
 c - 2 scrolls of teleportation
 k - a scroll of immolation {unknown}
 m - a scroll of amnesia {unknown}
 n - a scroll of enchant armour {unknown}
 o - a scroll of magic mapping {unknown}
Potions
 b - 2 potions of lignification
 e - a potion of resistance
 f - a potion of haste {unknown}
 h - a potion of curing
 i - a potion of ambrosia {unknown}
 j - a potion of heal wounds {unknown}
 p - a potion of degeneration {unknown}


   Skills:
 + Level 2.1 Fighting
 + Level 2.4 Dodging
 + Level 3.3 Unarmed Combat
 + Level 2.6 Spellcasting
 + Level 2.5 Transmutations


You had 5 spell levels left.
You knew the following spells:

 Your Spells              Type           Power      Damage    Failure   Level
a - Beastly Appendage     Tmut           16%        N/A       8%          1
b - Wereblood             Tmut           8%         N/A       12%         2

Your spell library contained the following spells:

 Spells                   Type           Power      Damage    Failure   Level
 Spider Form              Tmut/Pois      5%         N/A       36%         3
 Ice Form                 Ice/Tmut       5%         N/A       78%         4


Dungeon Overview and Level Annotations

Branches:
Dungeon (4/15)
 Temple: D:4-7

Altars:
Nemelex Xobeh
Xom

Shops:
D:1 ([[(:


Innate Abilities, Weirdness & Mutations

You have temporarily grown beastly horns and talons.
You are partially covered in icy blue scales. (AC +2)


Message History

You hit the worm. Your headbutt misses the worm.
The worm is almost dead.
You barely miss the worm. You claw the worm, but do no damage.
The worm is almost dead.
The worm closely misses you.
You hit the worm but do no damage.
The worm is severely wounded.
You hit the worm but do no damage. You claw the worm.
You kill the worm!
Your horns disappear.
Your talons disappear.
HP restored.
A jelly comes into view.
Casting: Beastly Appendage (safe; 8% risk of failure)
Press: ? - help, Q - select action, (/) - cycle Dir - look around, f - activate You grow a pair of large bovine horns.
Your feet morph into talons.
The jelly quivers.
An orc comes into view. It is wielding a +0 dagger.
Your transformation is almost over.
The jelly misses you.
You hit the jelly but do no damage.
Your hands burn!
You claw the jelly, but do no damage.
You headbutt the jelly, but do no damage.
The jelly hits you but does no damage.
You hit the jelly but do no damage.
Your hands burn!
You headbutt the jelly.
The jelly is lightly wounded.
The jelly hits you. The acid corrodes you!
You are splashed with acid!
You hit the jelly but do no damage.
Your hands burn!
You claw the jelly, but do no damage.
You headbutt the jelly, but do no damage.
The jelly is lightly wounded.
The jelly completely misses you.
You hit the jelly but do no damage.
Your hands burn!
You claw the jelly, but do no damage.
The jelly is lightly wounded.
The jelly hits you. The acid corrodes you!
You are splashed with acid!
* * * LOW HITPOINT WARNING * * *
The orc hits you with a +0 dagger.
* * * LOW HITPOINT WARNING * * *
You hit the orc but do no damage. The orc hits you with a +0 dagger.
You die...

.w ...#.....###
..+.......# .#....##.#
.#.......# #.....###
#.....# #.|...#
#.....# #..@..#
#..Jo.# #......#
#........ # #####
#.....#.#.. #
....#########.....##.#
# # #
................... #
#.##
...................
#...
...............P.~~ #


You could see a jelly and an orc.

Vanquished Creatures
  4 gnolls
  3 adders
  2 dart slugs
  A worm (D:3)
  4 endoplasms
  A giant cockroach (D:1)
  5 goblins
  A hobgoblin (D:2)
  3 kobolds (D:3)
  A quokka (D:1)
  4 ball pythons
  4 bats
  4 frilled lizards
  6 rats
43 creatures vanquished.

Notes
Turn   | Place    | Note
-------+----------+-------------------------------------------
     0 | D:1      | DeathPants the Demonspawn Transmuter began the quest for
                  | the Orb.
     0 | D:1      | Reached XP level 1. HP: 15/15 MP: 3/3
   123 | D:1      | Found Gueta's Armour Shoppe.
   144 | D:1      | Found Lytwefuc's Book Boutique.
   172 | D:1      | Found Felaum's Weapon Shoppe.
   216 | D:1      | Found Reiwuoz's Armour Shoppe.
   291 | D:2      | Identified the +5 ring mail of Filth {Dex+3}
   315 | D:1      | Found Susihi Zyih's Weapon Emporium.
   324 | D:1      | Gained mutation: You are partially covered in icy blue
                  | scales. (AC +2) [demonic ancestry]
   324 | D:1      | Reached XP level 2. HP: 20/21 MP: 3/5
   638 | D:1      | Reached skill level 3 in Unarmed Combat
   638 | D:1      | Reached XP level 3. HP: 11/26 MP: 6/6
   802 | D:2      | You fall into a shaft and drop 2 floors!
   802 | D:4      | Found a sparkling altar of Nemelex Xobeh.
  1125 | D:3      | Reached XP level 4. HP: 33/33 MP: 7/7
  1325 | D:2      | Learned a level 2 spell: Wereblood
  1466 | D:2      | Found a shimmering altar of Xom.
  1814 | D:3      | HP: 1/33 [orc/+0 dagger (1)]
  1815 | D:3      | Slain by an orc

Illustrated notes

Levels and vault maps discovered:
D:1:      lemuel_arrival_behind_the_door_large, layout_rooms, serial_shops,
          nicolae_shop_hallway_plus, nicolae_shop_bloodbath_and_beyond, shop,
          nicolae_shop_temple_entry_statues_fountains, nicolae_square_shop
D:2:      layout_rooms, basic_altar
D:3:      minmay_octagon_keep, layout_basic,
          shapermc_ecumenical_altar_acropolis, st_stairs_14,
          kennysheep_generic_room_11
D:4:      layout_loops_ring, nemelex_spade_bored_becter, temple_pool_b,
          uniq_ijyb

Skill      XL: |  1  2  3  4 |
---------------+-------------+-----
Dodging        | 2 |  2.4
Transmutations | 2 |  2.5
Unarmed Combat | 3 |  3.3
Fighting       | 2 |  2.1
Spellcasting   | |  2.6

Action                     |  1- 3 |  4- 6 || total
---------------------------+-------+-------++-------
  Melee: Unarmed           |    92 |    60 ||   152
         Kick              |    15 |    12 ||    27
         Headbutt          |     6 |     6 ||    12
         Punch             |       |     2 ||     2
   Cast: Beastly Appendage |    12 |     9 ||    21
    Use: Scroll            |     4 |       ||     4
 Armour: Robe              |    37 |    16 ||    53
  Dodge: Dodged            |    79 |    31 ||   110

Table legend: (Time is in decaauts)
 A = Elapsed time spent in this place.
 B = Non-inter-level travel time spent in this place.
 C = Inter-level travel time spent in this place.
 D = Time resting spent in this place.
 E = Time spent auto-exploring this place.
 F = Levels seen in this place.
 G = Mean time per level.
                   A        B        C        D        E       F      G
               +--------+--------+--------+--------+--------+-----+--------+
         Total |   1811 |   1752 |     59 |    112 |   1128 |   4 |  452.8 |
       Dungeon |   1811 |   1752 |     59 |    112 |   1128 |   4 |  452.8 |
               +--------+--------+--------+--------+--------+-----+--------+

Top non-repeatable levels by time:
     D:2: 671 daAuts
     D:1: 657 daAuts
     D:3: 416 daAuts
     D:4: 65 daAuts
